 Dungeon Crawl Stone Soup version 0.30-a0-672-gc3a7216ad8 (webtiles) character file.

Game seed: 8364414812715174017

1849 Mitcholas the Cleaver (level 9, -5/54 HPs)
             Began as a Gargoyle Fighter on Jan 18, 2023.
             Was a Follower of Okawaru.
             Slain by a troll (9 damage)
             ... on level 6 of the Dungeon.
             The game lasted 00:15:54 (5115 turns).

Mitcholas the Cleaver (Gargoyle Fighter)            Turns: 5115, Time: 00:15:54

Health: -5/54      AC: 16    Str: 25    XL:     9   Next: 12%
Magic:  9/9        EV:  9    Int:  8    God:    Okawaru [*.....]
Gold:   321        SH:  5    Dex: 15    Spells: 8/8 levels left

rFire   . . .      SeeInvis .    u - +2 broad axe (elec)
rCold   . . .      Faith    .    c - +0 buckler
rNeg    + . .      Spirit   .    y - +3 scale mail
rPois   ∞          Reflect  .    (no helmet)
rElec   +          Harm     .    (no cloak)
rCorr   .          Rampage  .    (no gloves)
Will    .....                    (no boots) Stlth
                                 (no amulet)
HPRegen 0.29/turn                m - +6 ring of dexterity
MPRegen 0.11/turn                (no ring)

@: no status effects
A: sickness immunity, AC +6, negative energy resistance 1, electricity
resistance, torment resistance 1, petrification resistance
a: Renounce Religion, Heroism


You were on level 6 of the Dungeon.
You worshipped Okawaru.
Okawaru was aware of your devotion.
You visited 2 branches of the dungeon, and saw 7 of its levels.
You also visited: Sewer.

You collected 321 gold pieces.

Inventory:

Hand Weapons
 u - a +2 broad axe of electrocution (weapon)
Missiles
 a - 10 poisoned darts (quivered)
Armour
 c - a +0 buckler (worn)
 y - a +3 scale mail (worn)
Jewellery
 m - a +6 ring of dexterity (left hand)
Wands
 q - a wand of light (15)
 z - a wand of roots (2)
Scrolls
 e - a scroll of fog
 h - a scroll of enchant armour {unknown}
 i - a scroll of enchant weapon {unknown}
 l - a scroll of vulnerability {unknown}
 n - a scroll of immolation
 r - 3 scrolls of blinking {unknown}
 s - 2 scrolls of magic mapping {unknown}
 w - a scroll of torment {unknown}
 x - a scroll of fear
Potions
 b - a potion of haste {unknown}
 d - a potion of might
 f - 4 potions of mutation
 g - 3 potions of degeneration
 j - a potion of brilliance {unknown}
 k - 4 potions of lignification
 o - a potion of berserk rage {unknown}
 p - 3 potions of curing
 t - a potion of cancellation {unknown}
 v - 2 potions of heal wounds {unknown}


   Skills:
 + Level 5.1 Fighting
 + Level 8.3 Axes
 + Level 5.2 Armour
 + Level 5.1 Shields
 + Level 3.1 Evocations


You had 8 spell levels left.
You didn't know any spells.
Your spell library contained the following spells:

 Spells                   Type           Power      Damage    Failure   Level
 Beastly Appendage        Tmut           0%         N/A       77%         1
 Sting                    Tmut/Pois      0%         1d3       77%         1
 Poisonous Vapours        Pois/Air       0%         N/A       88%         2
 Wereblood                Tmut           0%         N/A       88%         2
 Ignite Poison            Fire/Tmut/Pois 0%         N/A       98%         3
 Spider Form              Tmut/Pois      0%         N/A       98%         3
 Olgreb's Toxic Radiance  Pois           0%         N/A       100%        4
 Alistair's Intoxication  Tmut/Pois      0%         N/A       100%        5
 Storm Form               Tmut/Air       0%         N/A       100%        7
 Maxwell's Capacitive Co  Air            0%         ∞         100%        8
 Summon Lightning Spire   Summ/Air       Unusable   N/A       N/A         4

Dungeon Overview and Level Annotations

Branches:
Dungeon (6/15)             Temple (1/1) D:4           Sewer (visited)

Altars:
Ashenzari
Dithmenos
Elyvilon
Fedhas
Gozag
Hepliaklqana
Kikubaaqudgha
Makhleb
Nemelex Xobeh
Okawaru
Qazlal
Ru
Sif Muna
Trog
Vehumet
Wu Jian
Xom
Zin
The Shining One

Annotations:
D:3 2 transporters, wormed's ghost, weakling OpWr
D:5 2 runed translucent doors


Innate Abilities, Weirdness & Mutations

You are immune to sickness and miasma.
Your stone body is resilient. (AC +6)
You are immune to poison.
You resist negative energy. (rN+)
You are resistant to electric shocks. (rElec)
You are resistant to unholy torment.
You are immune to petrification.


Message History

You barely miss the troll. The troll closely misses you. x2
The troll claws you but does no damage. The troll bites you.
The troll claws you. You block the troll's attack.
You hit the troll but do no damage.
The troll is lightly wounded.
The troll bites you but does no damage. The troll claws you but does no damage.
The troll claws you.
You slash the troll!
The troll is moderately wounded.
The troll closely misses you. The troll claws you but does no damage.
The troll claws you.
You slash the troll!
The troll is heavily wounded.
The troll bites you but does no damage.
The troll claws you but does no damage. x2
You barely miss the troll.
The troll is heavily wounded.
You block the troll's attack.
The troll claws you but does no damage. x2
The troll bites you. The troll barely misses you.
The troll completely misses you.
You hit the troll.
The troll is heavily wounded.
The troll barely misses you. The troll claws you.
The troll claws you but does no damage.
You hit the troll.
The troll is heavily wounded.
The troll bites you. The troll claws you but does no damage.
The troll closely misses you.
You slash the troll!
The troll is almost dead.
The troll bites you but does no damage. The troll claws you but does no damage.
The troll closely misses you.
You barely miss the troll.
The troll is severely wounded.
The troll bites you.
* * * LOW HITPOINT WARNING * * *
The troll claws you but does no damage. The troll barely misses you.
The troll bites you!
* * * LOW HITPOINT WARNING * * *
The troll claws you but does no damage. The troll claws you!
You die...

###.#####..#..#..#####
#...#.....l#..#......#
##.###..h..o#..#...)..#
#..# ..#####..#####..#
..## ......#..#..)...#
..# .....#..#......#
..## ####.O#..#.)#####
#..## .....g#..#......#
#...##....$.#..#@T((..#
..##.#..#####..#####(.#
..#### #..#o.....# #.#
#..#c.....# #.##
#..#..### #### ##.###
#..#..# #..# ##...#
#..#..# #..### #...##
#..# .' #....# ....#
### #..########...##


You could see a troll (poisoned).

Vanquished Creatures
  A water moccasin (D:5)
  Pargi (Sewer)
  An orc warrior (D:6)
  An ice beast (D:5)
  A black bear (D:6)
  3 centaurs
  A phantom (D:6)
  2 kobold brigands
  A bullfrog (D:6)
  A necrophage (D:6)
  A scorpion (D:6)
  A howler monkey (D:5)
  3 jellies
  An orc priest (D:5)
  6 hounds
  3 iguanas (D:5)
  2 orc wizards
  7 gnolls
  6 adders
  2 white imps
  A worm (D:2)
  3 dart slugs
  26 orcs
  5 ball pythons
  4 endoplasms
  7 giant cockroaches
  4 goblins
  10 hobgoblins
  19 kobolds
  10 quokkas
  3 bats
  5 frilled lizards
142 creatures vanquished.

Vanquished Creatures (others)
  6 plants (D:3)
6 creatures vanquished.

Grand Total: 148 creatures vanquished

Notes
Turn   | Place    | Note
-------+----------+-------------------------------------------
     0 | D:1      | Mitcholas the Gargoyle Fighter began the quest for the Orb.
     0 | D:1      | Reached XP level 1. HP: 14/14 MP: 1/1
    33 | D:1      | Reached skill level 2 in Axes
   103 | D:1      | Reached XP level 2. HP: 14/19 MP: 2/2
   238 | D:1      | Reached skill level 3 in Axes
   319 | D:1      | Reached XP level 3. HP: 23/23 MP: 3/3
   741 | D:2      | You fall into a shaft and drop 1 floor!
  1163 | D:2      | Reached XP level 4. HP: 24/28 MP: 4/4
  1299 | D:3      | Reached skill level 4 in Axes
  1371 | D:3      | Identified the +4 kite shield of Discretion {rCorr}
  1371 | D:3      | Noticed a gnoll sergeant
  1412 | D:3      | Found a transporter.
  1437 | D:3      | Found a radiant altar of Vehumet.
  1477 | D:3      | Found a transporter.
  1564 | D:3      | Reached XP level 5. HP: 25/32 MP: 5/5
  1638 | D:3      | Noticed wormed's ghost (weakling OpWr)
  2025 | D:4      | Reached skill level 5 in Axes
  2248 | D:4      | Found a staircase to the Ecumenical Temple.
  2280 | D:4      | Reached XP level 6. HP: 18/37 MP: 6/6
  2473 | Temple   | Entered the Ecumenical Temple
  2667 | D:4      | Found an iron altar of Okawaru.
  2682 | D:4      | Got the Folio of Changes and Contaminants
  2757 | D:4      | Found a stormy altar of Qazlal.
  2945 | D:5      | Entered Level 5 of the Dungeon
  2945 | D:5      | Noticed a water moccasin
  3013 | D:5      | Reached skill level 6 in Axes
  3013 | D:5      | Found a glowing drain.
  3042 | Sewer    | Entered a sewer
  3062 | Sewer    | Noticed Pargi
  3065 | Sewer    | Killed Pargi
  3066 | Sewer    | Reached XP level 7. HP: 40/41 MP: 7/7
  3213 | D:5      | Reached skill level 7 in Axes
  3550 | D:5      | Reached skill level 1 in Evocations
  3550 | D:5      | Reached XP level 8. HP: 47/47 MP: 8/8
  3660 | D:5      | Found a runed translucent door.
  3662 | D:5      | Found a runed translucent door.
  4111 | D:6      | Reached skill level 8 in Axes
  4379 | D:6      | Found a blossoming altar of Fedhas.
  4379 | D:6      | Found a sparkling altar of Nemelex Xobeh.
  4576 | D:4      | Became a worshipper of Warmaster Okawaru
  4819 | D:6      | Noticed a two-headed ogre
  4870 | D:6      | Reached skill level 5 in Armour
  4870 | D:6      | Reached XP level 9. HP: 27/53 MP: 9/9
  5019 | D:6      | Reached skill level 5 in Fighting
  5019 | D:6      | Reached skill level 5 in Shields
  5023 | D:6      | Reached * piety under Okawaru
  5103 | D:6      | Noticed a troll
  5115 | D:6      | Slain by a troll

Illustrated notes

Levels and vault maps discovered:
D:1:      lightli_arrival_flooded_house, layout_loops_ring
D:2:      layout_rooms, hangedman_glass_teeth
D:3:      layout_rooms, mainiacjoe_overflow_brackets,
          gammafunk_ghost_gnarly_gnolls
D:4:      layout_basic, kennysheep_mini_moat, old_standard_altar,
          minmay_temple_entry_stoned_glass
D:5:      lemuel_insect_pit, layout_rooms, portal_sewer_entry_f, minivault_23
D:6:      kennysheep_windowed_halls, layout_layer_cave,
          nicolae_uskayaw_dance_hall, gammafunk_temple_overflow_pools
Temple:   nicolae_temple_superstar

Skill      XL: |  1  2  3  4  5  6  7  8  9 |
---------------+----------------------------+-----
Axes           | 2 3 4 5 6 7 8 |  8.3
Evocations     | 1 2 3 |  3.1
Armour         | 5 |  5.2
Fighting       | 4 5 |  5.1
Shields        | 4 5 |  5.1

Action                   |  1- 3 |  4- 6 |  7- 9 || total
-------------------------+-------+-------+-------++-------
Melee: War axe           |   123 |   158 |       ||   281
       Broad axe         |       |    13 |   186 ||   199
Throw: Dart              |       |       |     3 ||     3
Evoke: Wand              |       |     4 |     1 ||     5
  Use: Scroll            |       |     5 |     2 ||     7
 Stab: Invisible         |       |     1 |       ||     1
Armor: Scale mail        |    69 |    94 |   126 ||   289
Dodge: Dodged            |    59 |    81 |    89 ||   229
Block: Buckler           |    18 |    39 |    38 ||    95

Table legend: (Time is in decaauts)
 A = Elapsed time spent in this place.
 B = Non-inter-level travel time spent in this place.
 C = Inter-level travel time spent in this place.
 D = Time resting spent in this place.
 E = Time spent auto-exploring this place.
 F = Levels seen in this place.
 G = Mean time per level.
                   A        B        C        D        E       F      G
               +--------+--------+--------+--------+--------+-----+--------+
         Total |   5277 |   4847 |    430 |    638 |   2841 |   8 |  659.6 |
       Dungeon |   5012 |   4587 |    425 |    631 |   2652 |   6 |  835.3 |
        Temple |    119 |    114 |      5 |      0 |    100 |   1 |  119.0 |
         Sewer |    145 |    145 |      0 |      7 |     89 |   1 |  145.0 |
               +--------+--------+--------+--------+--------+-----+--------+

Top non-repeatable levels by time:
     D:6: 1226 daAuts
     D:4: 1006 daAuts
     D:5: 780 daAuts
     D:3: 703 daAuts
     D:1: 681 daAuts
     D:2: 615 daAuts
   Sewer: 145 daAuts
  Temple: 119 daAuts
